 Dungeon Crawl Stone Soup version 0.28.0-45-g0d030f2227 (webtiles) character file.

Game seed: 9098906803001271415

39177 gohu the Executioner (level 14, -3/133 HPs)
             Began as a Hill Orc Fighter on May 1, 2022.
             Was a High Priest of Okawaru.
             Slain by a death yak (15 damage)
             ... on level 4 of the Lair of Beasts.
             The game lasted 00:49:44 (19510 turns).

gohu the Executioner (Hill Orc Fighter)            Turns: 19510, Time: 00:49:45

Health: -3/133     AC: 26    Str: 24    XL:     14   Next: 5%
Magic:  19/19      EV:  8    Int:  8    God:    Okawaru [*****.]
Gold:   430        SH:  5    Dex: 10    Spells: 13/13 levels left

rFire   + . .      SeeInvis .   k - +4 executioner's axe (chaos)
rCold   + . .      Faith    .   (shield currently unavailable)
rNeg    . . .      Spirit   .   T - +1 gold dragon scales
rPois   +          Reflect  +   P - +1 helmet
rElec   .          Harm     .   A - +1 cloak of Starlight {*Dazzle EV+4 Stlth--}
rCorr   .          Rampage  .   o - +0 pair of gloves
Will    ++...                   t - +1 pair of boots
Stlth   ..........              h - amulet of reflection
HPRegen 0.32/turn               p - +4 ring of slaying
MPRegen 0.16/turn               f - ring of willpower

@: studying Fighting
A: no striking features
a: Renounce Religion, Heroism, Finesse, Duel


You were on level 4 of the Lair of Beasts.
You worshipped Okawaru.
Okawaru was extremely pleased with you.
You visited 4 branches of the dungeon, and saw 20 of its levels.
You also visited: Bailey.

You collected 1748 gold pieces.
You spent 1318 gold pieces at shops.

Inventory:

Hand Weapons
 a - a +0 war axe
 k - a +4 executioner's axe of chaos (weapon)
 n - the +7 battleaxe "Beast's Peril" {pain, rPois rC+ rCorr}
   (Okawaru gifted it to you on level 4 of the Lair of Beasts)

   In the hands of one skilled in necromantic magic, it inflicts extra damage on
   living creatures.
   rC:        It protects you from cold.
   rPois:     It protects you from poison.
   rCorr:     It protects you from acid and corrosion.
 E - the +3 war axe "Zamnuhy" {holy, rN++ Int-5 Stlth+}
   (You found it in a bailey)

   It has been blessed by the Shining One to cause great damage to the undead
   and demons.
   Int:       It affects your intelligence (-5).
   rN:        It greatly protects you from negative energy.
   Stlth:     It makes you more stealthy.
 R - a +2 great mace
Missiles
 m - 19 boomerangs
 u - 5 boomerangs of dispersal
 H - 2 throwing nets
 N - 5 javelins (quivered)
Armour
 c - a +0 buckler
 o - a +0 pair of gloves (worn)
 t - a +1 pair of boots (worn)
 A - the +1 cloak of Starlight (worn) {*Dazzle EV+4 Stlth--}
   (You found it on level 10 of the Dungeon)

   It may blind those who miss an attack against the wearer in melee combat.
   EV:        It affects your evasion (+4).
   Stlth:     It makes you much less stealthy.
 P - a +1 helmet (worn)
 T - +1 gold dragon scales (worn)
Jewellery
 f - a ring of willpower (right hand)
 h - an amulet of reflection (around neck)
 p - a +4 ring of slaying (left hand)
 r - a ring of resist corrosion
 F - a ring of protection from fire
 V - a ring of poison resistance
Wands
 w - a wand of acid (8)
 B - a wand of polymorph (3)
 C - a wand of flame (39)
 D - a wand of iceblast (8)
 L - a wand of mindburst (14)
 U - a wand of digging (9)
Scrolls
 g - a scroll of brand weapon
 i - a scroll of holy word
 j - 4 scrolls of teleportation
 v - 4 scrolls of fear
 y - 4 scrolls of identify
 K - 2 scrolls of magic mapping {unknown}
 Q - a scroll of amnesia {unknown}
Potions
 b - a potion of resistance
 d - 2 potions of heal wounds
 e - a potion of invisibility
 l - 3 potions of brilliance
 s - 4 potions of haste
 x - 7 potions of curing {unknown}
 z - 4 potions of flight
 I - a potion of ambrosia
 M - 2 potions of might


   Skills:
 * Level 14.5 Fighting
 * Level 23.0 Axes
 + Level 9.0 Armour
 - Level 3.2 Shields
 + Level 7.6 Invocations
 + Level 3.3 Evocations


You had 13 spell levels left.
You didn't know any spells.
Your spell library contained the following spells:

 Spells                   Type           Power      Damage    Failure   Level
 Apportation              Tloc           0%         N/A       100%        1
 Foxfire                  Conj/Fire      0%         2x1d4     100%        1
 Freeze                   Ice            0%         1d3       100%        1
 Slow                     Hex            0%         N/A       100%        1
 Ensorcelled Hibernation  Hex/Ice        0%         N/A       100%        2
 Confusing Touch          Hex            0%         N/A       100%        3
 Conjure Flame            Conj/Fire      0%         6-21      100%        3
 Frozen Ramparts          Ice            0%         1d2       100%        3
 Ignite Poison            Fire/Tmut/Pois 0%         N/A       100%        3
 Inner Flame              Hex/Fire       0%         N/A       100%        3
 Mephitic Cloud           Conj/Pois/Air  0%         N/A       100%        3
 Spider Form              Tmut/Pois      0%         N/A       100%        3
 Vampiric Draining        Necr           0%         2d6       100%        3
 Anguish                  Hex/Necr       0%         N/A       100%        4
 Flame Wave               Conj/Fire      0%         2d4       100%        4
 Hailstorm                Conj/Ice       0%         3d3       100%        4
 Passage of Golubria      Tloc           0%         N/A       100%        4
 Blade Hands              Tmut           0%         N/A       100%        5
 Freezing Cloud           Conj/Ice/Air   0%         6-21      100%        5
 Silence                  Hex/Air        0%         N/A       100%        5
 Eringya's Noxious Bog    Tmut/Pois      0%         N/A       100%        6
 Iron Shot                Conj/Erth      0%         9d1       100%        6
 Enfeeble                 Hex            0%         N/A       100%        7
 Storm Form               Tmut/Air       0%         N/A       100%        7
 Lehudib's Crystal Spear  Conj/Erth      0%         10d2      100%        8
 Maxwell's Capacitive Co  Air            0%         ∞         100%        8
 Animate Skeleton         Necr           Unusable   N/A       N/A         1
 Summon Small Mammal      Summ           Unusable   N/A       N/A         1
 Tukima's Dance           Hex            Unusable   N/A       N/A         3
 Animate Armour           Summ/Erth      Unusable   N/A       N/A         4
 Summon Lightning Spire   Summ/Air       Unusable   N/A       N/A         4
 Summon Forest            Summ/Tloc      Unusable   N/A       N/A         5
 Summon Hydra             Summ           Unusable   N/A       N/A         7

Dungeon Overview and Level Annotations

Branches:
Dungeon (13/15)            Temple (1/1) D:6            Lair (4/6) D:8
 Shoals (0/4) Lair:2       Spider (0/4) Lair:2          Orc (2/2) D:9
 Bailey (visited)
    Elf: Orc:2       Vaults: D:13-14

Altars:
Ashenzari
Cheibriados
Dithmenos
Elyvilon
Fedhas
Gozag
Hepliaklqana
Kikubaaqudgha
Makhleb
Nemelex Xobeh
Okawaru
Qazlal
Ru
Sif Muna
Trog
Uskayaw
Vehumet
Wu Jian
Xom
Yredelemnul
Zin
The Shining One
Beogh
Jiyva

Shops:
D:5 *   D:8 [*

Annotations:
D:10 4 runed translucent doors, exclusion: orange crystal statue, JhonaSan2K's ghost, journeyman DDFi
D:12 3 runed translucent doors, Garym's ghost, journeyman MiBe


Message History

Okawaru accepts your kill.
You barely miss the death yak. You slash the death yak!
Space warps around the death yak.
The death yak gores you!
A death yak comes into view.
The death yak gores you but does no damage.
The death yak bellows!
You have reached level 14!
You hit the death yak but do no damage.
The death yak is severely wounded.
You completely miss the death yak. You hit the death yak but do no damage.
Lightning courses through the death yak!
The death yak completely misses you.
You cut the death yak into ribbons!!!
You kill the death yak!
Okawaru accepts your kill.
You barely miss the death yak. x2
Your Armour skill increases to level 9!
You slash the death yak! You freeze the death yak.
You kill the death yak!
Okawaru accepts your kill.
You hit the death yak.
The death yak suddenly seems more agile.
The death yak gores you!
Your Axes skill increases to level 23!
You slice the death yak!! You burn the death yak.
The death yak is moderately wounded.
You hit the death yak but do no damage. The death yak gores you! x2
You are too injured to fight recklessly!
You closely miss the death yak.
The death yak is moderately wounded.
You slash the death yak!
The death yak goes berserk!
The death yak closely misses you. The death yak gores you!
* * * LOW HITPOINT WARNING * * *
The death yak gores you but does no damage.
The death yak gores you!!
* * * LOW HITPOINT WARNING * * *
You feel much better. The death yak gores you!!
* * * LOW HITPOINT WARNING * * *
The death yak gores you!
You die...

...................
..........................
................P##.PP....
.............##..#####....
.............#.### ##.#...
..........###### #......
.........##.## #......
........Y.##.## #......
........Y@....#######.....
......††Y.......##........
.....#....................
.... ###..................
... #...................
.. ##.................. .
#..................
#.#................
###................


You could see 3 death yaks.

Vanquished Creatures
  A dire elephant (Lair:3)
  2 boulder beetles
  3 hydras
  A catoblepas (Lair:2)
  A two-headed ogre (D:9)
  7 death yaks
  Nergalle (D:12)
  An orc knight (Orc:1)
  2 manticores (Lair:3)
  An orc sorcerer (Orc:2)
  2 ugly things (D:12)
  7 elephants
  Joseph (D:7)
  An eye of devastation (shapeshifter) (D:12)
  A gargoyle (D:12)
  9 cane toads
  3 black mambas
  An unseen horror (D:12)
  4 komodo dragons
  3 trolls
  5 polar bears
  2 hornets
  3 blink frogs (Lair:4)
  6 slime creatures
  2 wraiths
  A vampire (D:10)
  2 basilisks
  2 wyverns (Lair:3)
  2 steam dragons
  35 yaks
  7 wargs
  8 water moccasins
  12 orc warriors
  An ice beast (D:7)
  A sky beast (D:7)
  5 black bears
  5 wolves
  5 centaurs
  4 ogres
  A phantom (D:4)
  11 kobold brigands
  7 bullfrogs
  5 gnoll sergeants
  11 scorpions
  A water moccasin skeleton (D:6)
  3 jellies
  10 killer bees
  5 howler monkeys
  3 electric eels
  2 bullfrog zombies
  A centaur zombie (D:9)
  7 hounds
  2 centaur skeletons
  8 orc priests
  A bullfrog skeleton (D:4)
  2 gnoll shamans
  2 iguanas
  12 orc wizards
  3 hell rats
  A hound zombie (D:5)
  A hound skeleton (D:4)
  2 howler monkey zombies
  24 gnolls
  A howler monkey skeleton (D:7)
  12 adders
  9 river rats (Lair:1)
  A white imp (D:8)
  An ufetubus (D:6)
  4 worms
  4 dart slugs
  37 orcs
  4 ball pythons
  4 bats
  23 endoplasms
  3 giant cockroaches
  9 goblins
  6 hobgoblins
  4 jackals
  A quokka (D:3)
  6 frilled lizards
  42 kobolds
  6 rats
462 creatures vanquished.

Vanquished Creatures (others)
  A kobold brigand (Bailey)
  A fire vortex (Lair:3)
  9 fungi
  26 plants
37 creatures vanquished.

Grand Total: 499 creatures vanquished

Notes
Turn   | Place    | Note
-------+----------+-------------------------------------------
     0 | D:1      | gohu the Hill Orc Fighter began the quest for the Orb.
     0 | D:1      | Reached XP level 1. HP: 19/19 MP: 1/1
    12 | D:1      | Found a faded altar of an unknown god.
    91 | D:1      | Reached skill level 3 in Axes
    91 | D:1      | Reached XP level 2. HP: 27/27 MP: 2/2
   433 | D:1      | Reached XP level 3. HP: 33/33 MP: 3/3
   650 | D:2      | Reached skill level 4 in Axes
   651 | D:2      | Reached XP level 4. HP: 37/41 MP: 4/4
  1689 | D:2      | Reached skill level 5 in Axes
  1871 | D:3      | Reached XP level 5. HP: 10/47 MP: 5/5
  2285 | D:3      | Reached skill level 6 in Axes
  2885 | D:4      | Noticed an ogre
  2899 | D:4      | Killed an ogre
  2900 | D:4      | Reached skill level 5 in Fighting
  2900 | D:4      | Reached XP level 6. HP: 10/56 MP: 6/6
  3161 | D:4      | Reached skill level 7 in Axes
  3308 | D:4      | Found a stormy altar of Qazlal.
  3321 | D:4      | Reached XP level 7. HP: 50/61 MP: 7/7
  3422 | D:4      | Reached skill level 8 in Axes
  3745 | D:4      | Found a shimmering blue altar of Sif Muna.
  3893 | D:5      | Entered Level 5 of the Dungeon
  3908 | D:5      | Found Fjubyele's Fabulous Fripperies.
  3916 | D:5      | Bought a scroll of fear for 38 gold pieces
  4110 | D:5      | Reached skill level 9 in Axes
  4144 | D:5      | Found an ancient bone altar of Kikubaaqudgha.
  4144 | D:5      | Noticed a human
  4482 | D:5      | Reached XP level 8. HP: 60/70 MP: 8/8
  4720 | D:5      | Reached skill level 10 in Axes
  4869 | D:5      | Found a glowing silver altar of Zin.
  5160 | D:6      | Found a staircase to the Ecumenical Temple.
  5169 | Temple   | Entered the Ecumenical Temple
  5232 | Temple   | Became a worshipper of Warmaster Okawaru
  5506 | D:6      | Reached skill level 11 in Axes
  5506 | D:6      | Reached skill level 5 in Armour
  5557 | D:6      | Found a hide-covered altar of Uskayaw.
  6396 | D:7      | Reached * piety under Okawaru
  6397 | D:7      | Reached XP level 9. HP: 50/79 MP: 9/9
  6530 | D:7      | Found a flagged portal.
  6539 | D:7      | Reached skill level 12 in Axes
  6567 | Bailey   | Entered a bailey
  6933 | Bailey   | Reached skill level 13 in Axes
  6933 | Bailey   | Reached skill level 1 in Invocations
  6937 | Bailey   | Found an iron altar of Okawaru.
  6946 | Bailey   | Identified the +3 war axe "Zamnuhy" {holy, rN++ Int-5
                  | Stlth+}
  7096 | D:7      | Noticed Joseph
  7105 | D:7      | Killed Joseph
  7412 | D:7      | Reached ** piety under Okawaru
  7415 | D:7      | Reached skill level 14 in Axes
  7993 | D:8      | Found a bloodstained altar of Trog.
  7998 | D:8      | Reached XP level 10. HP: 90/90 MP: 10/12
  8094 | D:8      | Found a staircase to the Lair.
  8383 | D:8      | Found a hazy altar of Hepliaklqana.
  8628 | D:8      | Reached skill level 15 in Axes
  8929 | D:8      | You fall into a shaft and drop 3 floors!
  8983 | D:11     | Reached *** piety under Okawaru
  9405 | D:11     | Found the +4 robe of Augmentation {Str+4 Int+4 Dex+4}
  9751 | D:10     | Entered Level 10 of the Dungeon
  9768 | D:10     | Found the +1 cloak of Starlight {*Dazzle EV+4 Stlth--}
  9782 | D:10     | Reached skill level 16 in Axes
  9850 | D:10     | Found a blossoming altar of Fedhas.
  9877 | D:10     | Found a runed translucent door.
  9905 | D:9      | Found a staircase to the Orcish Mines.
 10173 | D:8      | Found Veliem's Assorted Antiques.
 10278 | D:8      | Reached XP level 11. HP: 97/97 MP: 14/14
 10346 | D:8      | Found Turambar's Dragon-Slaying Spoils.
 10595 | D:9      | Noticed a two-headed ogre
 10601 | D:9      | Killed a two-headed ogre
 10601 | D:9      | Reached **** piety under Okawaru
 10602 | D:9      | Reached skill level 5 in Invocations
 10602 | D:9      | Reached skill level 1 in Evocations
 10793 | D:10     | Found a sparkling altar of Nemelex Xobeh.
 11021 | D:10     | Reached skill level 17 in Axes
 11297 | D:10     | Found a basalt altar of Yredelemnul.
 11445 | D:10     | Found a runed translucent door.
 11467 | D:10     | Found a runed translucent door.
 11493 | D:10     | Found a runed translucent door.
 11563 | D:10     | Found a runed translucent door.
 11564 | D:10     | Identified the +11 spear of Causality {vorpal, rF- Str+2
                  | SInv}
 11565 | D:10     | Noticed JhonaSan2K's ghost (journeyman DDFi)
 11688 | D:10     | Noticed an orange crystal statue
 12055 | D:11     | Reached skill level 10 in Fighting
 12499 | D:12     | Noticed a green ugly thing
 12510 | D:12     | Killed a green ugly thing
 12544 | D:12     | Noticed Nergalle
 12553 | D:12     | Killed Nergalle
 12608 | D:12     | Noticed a boulder beetle
 12614 | D:12     | Killed a boulder beetle
 12614 | D:12     | Reached ***** piety under Okawaru
 12614 | D:12     | Received a gift from Okawaru
 12615 | D:12     | Reached skill level 18 in Axes
 12851 | D:12     | Noticed an orc knight
 12875 | D:12     | Noticed a glowing shapeshifter
 12875 | D:12     | an orc knight changed into a glowing shapeshifter
 12876 | D:12     | a glowing shapeshifter changed into an eye of devastation
 12987 | D:12     | Identified the +0 robe of Trial and Error {rElec Will+
                  | Dex+6} (Okawaru gifted it to you on level 12 of the
                  | Dungeon)
 12987 | D:12     | Received a gift from Okawaru
 12994 | D:12     | Reached XP level 12. HP: 66/108 MP: 16/16
 13176 | D:12     | Found a runed translucent gate.
 13180 | D:12     | Found a runed translucent gate.
 13180 | D:12     | Noticed a rockslime
 13180 | D:12     | Noticed a quicksilver ooze
 13180 | D:12     | Noticed an azure jelly
 13180 | D:12     | Noticed an azure jelly
 13181 | D:12     | Found a runed translucent gate.
 13181 | D:12     | Noticed an azure jelly
 13181 | D:12     | Noticed an acid blob
 13183 | D:12     | Noticed an acid blob
 13183 | D:12     | Noticed Garym's ghost (journeyman MiBe)
 13183 | D:12     | Noticed an azure jelly
 13184 | D:12     | Noticed an acid blob
 13184 | D:12     | Noticed an azure jelly
 13434 | D:12     | Found a viscous altar of Jiyva.
 13604 | D:12     | Reached skill level 19 in Axes
 13979 | Orc:1    | Entered Level 1 of the Orcish Mines
 13979 | Orc:1    | Found a roughly hewn altar of Beogh.
 14565 | Orc:1    | Found a roughly hewn altar of Beogh.
 14768 | Orc:2    | Entered Level 2 of the Orcish Mines
 15221 | Lair:1   | Entered Level 1 of the Lair of Beasts
 15421 | D:8      | Bought +0 gold dragon scales for 1280 gold pieces
 15620 | Lair:1   | Reached skill level 20 in Axes
 16485 | Lair:2   | Found a hole to the Spider Nest.
 16523 | Lair:2   | Noticed a boulder beetle
 16533 | Lair:2   | Killed a boulder beetle
 16533 | Lair:2   | Identified the +4 steam dragon scales "Seogeorch" {Int+2}
                  | (Okawaru gifted it to you on level 2 of the Lair of Beasts)
 16533 | Lair:2   | Received a gift from Okawaru
 16858 | Lair:2   | Noticed an eight-headed hydra
 16865 | Lair:2   | Killed an eight-headed hydra
 16916 | Lair:2   | Reached XP level 13. HP: 117/119 MP: 18/18
 16945 | Lair:2   | Reached skill level 21 in Axes
 17223 | Lair:2   | Found a staircase to the Shoals.
 18285 | Lair:3   | Reached skill level 22 in Axes
 18290 | Lair:3   | Noticed a dire elephant
 18319 | Lair:3   | Killed a dire elephant
 18706 | Lair:3   | Identified a scroll of acquirement
 18706 | Lair:3   | Acquired a manual of Fighting
 18943 | Lair:4   | Identified the +7 battleaxe "Beast's Peril" {pain, rPois
                  | rC+ rCorr} (Okawaru gifted it to you on level 4 of the Lair
                  | of Beasts)
 18943 | Lair:4   | Received a gift from Okawaru
 19503 | Lair:4   | Reached XP level 14. HP: 78/133 MP: 19/19
 19506 | Lair:4   | Reached skill level 23 in Axes
 19510 | Lair:4   | Slain by a death yak

Illustrated notes

Levels and vault maps discovered:
D:1:      dpeg_arrival_boxes_within_box, layout_rooms,
          hellmonk_ecumenical_altar_lost_god
D:2:      layout_basic
D:3:      layout_basic
D:4:      layout_cave_pools, nicolae_qazlal_eye_of_the_storm,
          mainiacjoe_overflow_24_doors, nicolae_concentric_dashed_squares_mild
D:5:      black_bear_nest_2, layout_loops_cross, tgw_kikubaaqudgha,
          zin_statuary, nicolae_alphabet_shops
D:6:      layout_cave_pods, mainiacjoe_overflow_six_doors_small,
          minmay_temple_entry_water_ring
D:7:      layout_loops_cross, enter_bailey_5, uniq_joseph
D:8:      layout_loops_cross, mainiacjoe_overflow_small_starburst,
          mainiacjoe_overflow_catwalk, david_lair_shrubbed, serial_shops,
          nicolae_lakefront_shop, nicolae_shop_dragon_depot,
          kennysheep_generic_room_4
D:9:      layout_cave_pools, david_orc_2, blue_anna_alchemist
D:10:     layout_loops_ring, nemelex_xobeh_ov_fountains_minmay,
          fedhas_altar_fruit_tree, lemuel_crystal_altar,
          ebering_ghost_funeral_grove, st_stairs_9, minmay_statue_crystal_thing
D:11:     layout_stronghold
D:12:     layout_rooms, gammafunk_ghost_ooze, uniq_nergalle
D:13:     layout_small_grid, hangedman_vaults_entry_quadrant_bands,
          grunt_livestock, uniq_josephine, uniq_rupert
Temple:   minmay_temple_bridge_abc
Lair:1:   layout_regular_city, kennysheep_rathole, infiniplex_staircase_pool
Lair:2:   lemuel_slime, layout_long_grid, elwin_shoals_entry_rocks,
          nicolae_spider_entry_non_spiders
Lair:3:   layout_gridlike, nicolae_lair_lil_pond, nicolae_lair_lakeside_cave
Lair:4:   layout_hall_layers, serial_bayou_lagoon_a
Orc:1:    layout_caves, basic_altar, mines2_david
Orc:2:    grunt_orc_tribal_feast, layout_caves, basic_altar, serial_shops,
          nicolae_diamond_shop, uniq_jorgrun

Skill      XL: |  1  2  3  4  5  6  7  8  9 10 11 12 13 14 |
---------------+-------------------------------------------+-----
Axes           | 3 4 5 6 7 9 11 14 16 18 20 22 23 | 23.0
Fighting       | 4 5 7 8 9 10 12 14 | 14.5
Armour         | 4 5 6 7 8 9 |  9.0
Invocations    | 2 4 6 7 |  7.6
Evocations     | 1 3 |  3.3
Shields        | |  3.2

Action                   |  1- 3 |  4- 6 |  7- 9 | 10-12 | 13-15 || total
-------------------------+-------+-------+-------+-------+-------++-------
Melee: War axe           |    23 |       |       |       |       ||    23
       Executioner's axe |    43 |   150 |   284 |   510 |   168 ||  1155
       Great mace        |       |       |       |     2 |    12 ||    14
Throw: Boomerang         |       |       |       |     2 |       ||     2
Invok: Heroism           |       |       |     5 |    13 |     2 ||    20
       Finesse           |       |       |       |     3 |     1 ||     4
Evoke: Wand              |       |       |     2 |     4 |     3 ||     9
  Use: Potion            |       |     1 |       |       |     2 ||     3
       Scroll            |       |       |     4 |    16 |     6 ||    26
 Stab: Invisible         |       |       |       |     9 |     3 ||    12
       Petrifying        |       |       |       |     1 |       ||     1
       Confused          |       |       |       |       |     1 ||     1
       Paralysed         |       |       |       |       |     1 ||     1
Armor: Scale mail        |     4 |       |       |       |       ||     4
       Chain mail        |    36 |   112 |   172 |       |       ||   320
       Plate armour      |       |       |    40 |   181 |       ||   221
       Gold dragon scale |       |       |       |    49 |   100 ||   149
Dodge: Dodged            |    28 |    66 |   135 |   193 |    44 ||   466
Block: Buckler           |     8 |       |       |       |       ||     8
       Other             |    14 |    55 |    92 |   106 |    14 ||   281
       Reflection        |       |       |    10 |     3 |       ||    13
